 Dungeon Crawl Stone Soup version 0.16-a0-4088-g7c8221e (webtiles) character file.

7642 Spolavi the Cleaver (level 11, -4/101 HPs)
             Began as a Hill Orc Fighter on Feb 23, 2015.
             Was a High Priest of Beogh.
             Slain by an enormous slime creature (39 damage)
             ... on level 12 of the Dungeon.
             The game lasted 00:57:21 (9373 turns).

Spolavi the Cleaver (Hill Orc Fighter)              Turns: 9373, Time: 00:57:22

Health: -4/101     AC: 21    Str: 23      XL:     11   Next: 18%
Magic:  11/11      EV:  7    Int:  1 (8)  God:    Beogh [*****.]
Gold:   381        SH:  0    Dex:  8      Spells: 0 memorised, 10 levels left

rFire  . . .     SeeInvis +     C - +3 battleaxe
rCold  . . .     Clarity  .     F - +0 plate armour
rNeg   . . .     SustAb   .     (no shield)
rPois  .         Gourm    +     o - +0 helmet
rElec  .         Spirit   .     t - +0 cloak {MR+}
rCorr  .         Warding  .     u - +0 pair of gloves (curse)
rMut   .         Stasis   .     (no boots)
MR     +....                    l - amulet of the gourmand
Stlth  ..........               i - ring of see invisible
                                G - ring of loudness (curse)

@: somewhat resistant to hostile enchantments, extremely unstealthy
A: walk on water, blurry vision 1, clumsy 1, deterioration 1
a: Smiting, Recall Orcish Followers, Give Item to Named Follower, Renounce
Religion


You were on level 12 of the Dungeon.
You worshipped Beogh.
Beogh was extremely pleased with you.
You were very full.

You visited 1 branch of the dungeon, and saw 12 of its levels.
You also visited: Bailey.

You collected 561 gold pieces.
You spent 180 gold pieces at shops.

Inventory:

Hand weapons
 a - a +0 war axe
 B - a +3 battleaxe of freezing
 C - a +3 battleaxe (weapon)
Missiles
 L - an arrow
Armour
 b - a cursed +1 scale mail
 c - a +0 shield
 m - a +0 scale mail of cold resistance
 o - a +0 helmet (worn)
 t - a +0 cloak of magic resistance (worn)
 u - a cursed +0 pair of gloves (worn)
 F - a +0 plate armour (worn)
Jewellery
 i - a ring of see invisible (right hand)
 l - an amulet of the gourmand (around neck)
 q - a +6 ring of evasion
 G - a cursed ring of loudness (left hand)
 O - an uncursed ring of flight {unknown}
 P - an uncursed ring of positive energy {unknown}
Magical devices
 H - a wand of confusion (19)
 J - a wand of magic darts (19)
Scrolls
 f - 5 scrolls of recharging
 k - 7 scrolls of teleportation
 s - 3 scrolls of blinking
 y - a scroll of magic mapping
 z - a scroll of immolation {unknown}
 A - 2 scrolls of remove curse {unknown}
 D - a scroll of torment {unknown}
 E - a scroll of random uselessness
 I - a scroll of vulnerability {unknown}
 N - a scroll of amnesia {unknown}
 R - a scroll of identify
 S - a scroll of holy word {unknown}
Potions
 e - 3 potions of might
 g - a potion of brilliance {unknown}
 h - 3 potions of haste
 j - 2 potions of berserk rage
 n - 3 potions of flight
 r - a potion of restore abilities
 v - 3 potions of beneficial mutation {unknown}
 w - 5 potions of curing
 x - 4 potions of heal wounds {unknown}
 K - 2 potions of poison
 Q - a potion of magic {unknown}
Books
 M - a book of Minor Magic

   Spells                             Type                      Level
   a - Magic Dart                     Conjuration                  1
   b - Blink                          Translocation                2
   c - Call Imp                       Summoning                    2
   d - Repel Missiles                 Charms/Air                   2
   e - Slow                           Hexes                        2
   f - Conjure Flame                  Conjuration/Fire             3
   g - Mephitic Cloud                 Conjuration/Poison/Air       3
Comestibles
 d - 8 meat rations
 p - 6 bread rations


   Skills:
 + Level 10.5 Fighting
 + Level 13.6 Axes
 + Level 9.6 Armour
 - Level 2.0 Dodging
 - Level 7.0 Shields


You had 10 spell levels left.
You didn't know any spells.

Dungeon Overview and Level Annotations

Branches:
Dungeon (12/15)            Temple (0/1) D:6            Lair (0/8) D:8
    Orc: D:9-12

Altars:
Cheibriados
Kikubaaqudgha
Makhleb
Okawaru
Qazlal
Ru
Sif Muna
Trog
Vehumet
Xom
Yredelemnul
The Shining One

Shops:
D:4 (*[   D:7 (

Portals:
Trove: D:11 (give 25 scrolls of identify)


Innate Abilities, Weirdness & Mutations

You can walk on water.
Scrolls take you a little longer to read.
You are clumsy. (Dex -2)
Your body is slowly deteriorating.


Message History

The large slime creature barely misses you.
Your plate armour prevents you from hitting the large slime creature.
The large slime creature is heavily wounded.
You slash the enormous slime creature!
The enormous slime creature is heavily wounded.
Bogrim barely misses the enormous slime creature.
The enormous slime creature closely misses you.
The large slime creature hits you.
You slash the enormous slime creature!
The enormous slime creature is heavily wounded.
You slash the large slime creature!
The large slime creature is heavily wounded.
Bogrim hits the enormous slime creature from afar with a +1 halberd!
The enormous slime creature hits you!!! The large slime creature hits you!!
You slash the enormous slime creature!
The enormous slime creature is heavily wounded.
You barely miss the large slime creature.
The large slime creature is heavily wounded.
The enormous slime creature hits you!!!
You die...

###+# .......###
......WJ@#############
.......#Jooo##o......#
..... ####oooo......#
.... ####.......# ...
#...^...#### #
#..o........
#.......#### #####.###
## #.o...#


You could see an enormous slime creature, a large slime creature, a hungry
ghost, the friendly Bogrim the orc knight, 2 friendly orc warriors, the friendly
Arbolt the orc warrior (frenzied), the friendly Oreg the orc warrior (frenzied)
and 2 friendly orcs.

Vanquished Creatures
  Erica (D:10)
  An orc knight (Bailey)
  A hill giant (D:10)
  An orc warrior (D:9)
  A two-headed ogre (D:10)
  A hungry ghost (D:8)
  2 yaks (D:10)
  A phantom (D:5)
  An eye of draining (D:10)
  3 sky beasts
  3 ogres
  A crocodile (D:10)
  A boring beetle (D:8)
  A wasp (D:8)
  5 centaurs
  2 giant frogs (D:6)
  A wyvern zombie (D:6)
  2 scorpions
  4 killer bees
  12 wights
  3 goliath beetles
  2 giant frog zombies
  A jelly (D:8)
  3 orc priests
  A crimson imp (D:5)
  2 giant frog skeletons
  6 hounds
  3 iguanas
  7 orc wizards
  2 worker ants
  A hound zombie (D:7)
  2 mummies
  2 worker ant zombies (D:6)
  22 gnolls
  8 adders
  2 giant mites
  3 shadow imps
  An adder skeleton (D:8)
  7 giant geckos
  3 oozes
  25 orcs
  17 goblins
  20 hobgoblins
  5 jackals
  5 quokkas
  2 ball pythons
  10 bats
  9 giant cockroaches
  A giant gecko zombie (D:5)
  4 giant newts
  24 kobolds
  16 rats
  5 ballistomycetes
269 creatures vanquished.

Vanquished Creatures (collateral kills)
  Fannar (D:10)
  2 trolls
  A yak (D:10)
  2 dancing weapons (D:9)
  A spriggan (D:7)
  An orc warrior (D:7)
  2 sky beasts
  7 centaurs
  A boring beetle (D:8)
  2 giant frogs
  6 killer bees
  A wight (D:6)
  2 crimson imps
  2 goliath beetles (D:7)
  2 hounds (D:10)
  2 orc priests
  An iguana (D:12)
  3 giant frog skeletons
  6 orc wizards
  2 worker ants
  A hound zombie (D:10)
  A hound skeleton (D:11)
  2 gnolls (Bailey)
  4 adders
  A shadow imp (D:11)
  5 orcs
  3 bats
  4 hobgoblins
  A quokka (D:8)
  A giant newt (D:7)
  4 goblins (D:10)
  A kobold (D:8)
  A rat (D:8)
  3 ballistomycetes
79 creatures vanquished.

Vanquished Creatures (others)
  An orc warrior (D:7)
  2 orc priests
  2 orc wizards (D:8)
  11 orcs
  4 giant spores
20 creatures vanquished.

Grand Total: 368 creatures vanquished

Notes
Turn   | Place    | Note
--------------------------------------------------------------
     0 | D:1      | Spolavi, the Hill Orc Fighter, began the quest for the Orb.
     0 | D:1      | Reached XP level 1. HP: 19/19 MP: 1/1
   159 | D:1      | Reached XP level 2. HP: 20/27 MP: 2/2
   651 | D:1      | Reached XP level 3. HP: 33/33 MP: 3/3
   971 | D:2      | Reached skill level 4 in Fighting
  1028 | D:2      | Reached XP level 4. HP: 24/40 MP: 4/4
  1138 | D:2      | Reached skill level 1 in Dodging
  1144 | D:2      | HP: 1/40 [gnoll/flail (8)]
  1145 | D:2      | Gained mutation: Scrolls take you a little longer to read. [potion of mutation]
  1145 | D:2      | Gained mutation: Your body is slowly deteriorating. [potion of mutation]
  1145 | D:2      | Gained mutation: You are clumsy. (Dex -2) [potion of mutation]
  1149 | D:2      | Reached XP level 5. HP: 14/46 MP: 5/5
  1301 | D:2      | Found a radiant altar of Vehumet.
  2248 | D:3      | Became a worshipper of Beogh the Brigand
  2459 | D:3      | Found a burning altar of Makhleb.
  2558 | D:3      | Reached XP level 6. HP: 47/53 MP: 6/6
  2949 | D:4      | Found Klibaod's Assorted Antiques.
  2985 | D:4      | Acquired Beogh's first power
  3017 | D:4      | Found Ceuchila's Antique Armour Boutique.
  3061 | D:4      | Found Xumaaxul's Weapon Emporium.
  3370 | D:4      | Reached skill level 5 in Fighting
  3370 | D:4      | Reached skill level 5 in Shields
  3431 | D:4      | Reached XP level 7. HP: 45/61 MP: 7/7
  3458 | D:4      | Reached skill level 5 in Axes
  3533 | D:4      | Found a deep blue altar of Sif Muna.
  3574 | D:4      | Found a stormy altar of Qazlal.
  3710 | D:5      | Entered Level 5 of the Dungeon
  3778 | D:5      | Reached skill level 5 in Armour
  3822 | D:5      | Acquired Beogh's second power
  4073 | D:5      | Reached skill level 6 in Axes
  4187 | D:5      | Reached XP level 8. HP: 65/69 MP: 8/8
  4697 | D:6      | Reached skill level 7 in Axes
  4701 | D:6      | Found a staircase to the Ecumenical Temple.
  4730 | D:6      | Found a bloodstained altar of Trog.
  4767 | D:6      | Found a glowing golden altar of the Shining One.
  4767 | D:6      | Found a shimmering altar of Xom.
  4768 | D:6      | Found an iron altar of Okawaru.
  4981 | D:6      | Reached skill level 8 in Axes
  4989 | D:6      | Acquired Beogh's third power
  5018 | D:6      | Reached XP level 9. HP: 44/79 MP: 9/9
  5104 | D:7      | Reached skill level 9 in Axes
  5195 | D:7      | Found Sircho's Antique Weapon Shop.
  5352 | D:4      | Bought a distressingly furry scale mail for 180 gold pieces
  5362 | D:4      | Identified the +2 scale mail of Priuff {rPois Str-5 Int+3} (You bought it in a shop on level 4 of the Dungeon)
  5592 | D:7      | Found a snail-covered altar of Cheibriados.
  5899 | D:7      | Gained Okrist as an ally
  6050 | D:7      | Reached skill level 10 in Axes
  6068 | D:7      | Found an ancient bone altar of Kikubaaqudgha.
  6068 | D:7      | Found a basalt altar of Yredelemnul.
  6300 | D:8      | Acquired Beogh's fourth power
  6662 | D:8      | Gained Borgk as an ally
  6761 | D:8      | Found a sacrificial altar of Ru.
  6850 | D:8      | Reached skill level 11 in Axes
  6862 | D:8      | Your ally Okrist died
  6863 | D:8      | Reached XP level 10. HP: 27/90 MP: 10/10
  6974 | D:8      | Gained Bogrim as an ally
  6984 | D:8      | Found a staircase to the Lair.
  7418 | D:9      | Was placed under penance by Beogh
  7615 | D:9      | Noticed a morningstar of electrocution
  7615 | D:9      | Noticed a battleaxe of electrocution
  7617 | D:9      | Killed a morningstar of electrocution
  7619 | D:9      | Killed a battleaxe of electrocution
  7979 | D:10     | Entered Level 10 of the Dungeon
  7989 | D:10     | Noticed Erica
  7996 | D:10     | Killed Erica
  8080 | D:10     | Found a flagged portal.
  8086 | Bailey   | Entered a bailey
  8144 | Bailey   | Was forgiven by Beogh
  8154 | Bailey   | Gained Garbold as an ally
  8157 | Bailey   | Gained Arbolt as an ally
  8157 | Bailey   | Reached skill level 12 in Axes
  8170 | Bailey   | Noticed an orc knight
  8251 | Bailey   | Killed an orc knight
  8496 | D:10     | Noticed Fannar
  8503 | D:10     | Killed Fannar
  8832 | D:10     | Acquired Beogh's fifth power
  8905 | D:10     | Reached skill level 10 in Fighting
  8912 | D:10     | Reached skill level 13 in Axes
  8948 | D:10     | Noticed a hill giant
  8953 | D:10     | Killed a hill giant
  8953 | D:10     | Reached XP level 11. HP: 61/100 MP: 11/11
  9247 | D:11     | Gained Oreg as an ally
  9249 | D:11     | Found a portal to a secret trove of treasure.
  9373 | D:12     | Slain by an enormous slime creature

Action                   |  1- 3 |  4- 6 |  7- 9 | 10-12 || total
-------------------------+-------+-------+-------+-------++-------
Melee: War axe           |   110 |   326 |   200 |       ||   636
       Battleaxe         |       |       |   199 |   222 ||   421
Invok: Recall Orcish Fol |       |       |       |     1 ||     1
       Give Item to Name |       |       |       |     1 ||     1
  Use: Potion            |       |     4 |       |       ||     4
       Scroll            |       |     5 |     1 |     4 ||    10
  Eat: Chunk             |     6 |     7 |     5 |    13 ||    31
       Beef jerky        |       |     1 |     1 |       ||     2
       Meat ration       |       |       |     1 |       ||     1
       Royal jelly       |       |       |       |     1 ||     1
